 Dungeon Crawl Stone Soup version 0.31.0-7-gf635a9b802 (webtiles) character file.

Game seed: 7067531349339504659

8530 SnakkuSnakku7 the Carver (level 11, 0/71 HPs)
             Began as a Djinni Monk on Jan 23, 2024.
             Was a High Priest of Wu Jian.
             Slain by a wyvern (4 damage)
             ... while petrified by a basilisk
             ... on level 9 of the Dungeon.
             The game lasted 00:12:02 (8789 turns).

SnakkuSnakku7 the Carver (Djinni Monk)              Turns: 8789, Time: 00:12:02

Health: 0/71       AC: 15    Str: 10    XL:     11   Next: 57%
Gold:   355        EV:  2    Int: 12    God:    Wu Jian [*****.] SH:  0 Dex: 20

rFire   + . .        a - +3 double sword (venom)
rCold   . . .        d - orb {light}
rNeg    + + +        G - +4 storm dragon scales
rPois   ∞            (no helmet)
rElec   +            D - +0 cloak
rCorr   .            (no gloves)
SInv    .            (boots unavailable)
Will    +....        (no amulet) Stlth
                     p - +4 ring of slaying
HPRegen 0.31/turn    w - ring of ice
MPRegen 0.00/turn

%: infuse magic (-1 HP)
@: petrified, flying, glowing
A: sickness immunity, fire resistance 2, cold vulnerability 1, float, innate
caster, HP casting, extra vitality 1
a: Renounce Religion, Wall Jump, Serpent's Lash, Heavenly Storm


You were on level 9 of the Dungeon.
You worshipped Wu Jian.
Wu Jian was extremely pleased with you.
You visited 1 branch of the dungeon, and saw 9 of its levels.
You also visited: Sewer.

You collected 619 gold pieces.
You spent 264 gold pieces at shops.

Inventory:

Hand Weapons
 a - a +3 double sword of venom (weapon)
 b - a +3 scimitar of flaming
 H - the +7 sceptre of Torment {pain, torment}
   (You found it on level 8 of the Dungeon)
Missiles
 i - 15 poisoned darts (quivered)
 C - a throwing net
 E - a curare-tipped dart
Armour
 d - an orb of light (worn)
 j - a +2 robe of fire resistance
 k - a +1 tower shield of cold resistance
 B - +0 steam dragon scales
 D - a +0 cloak (worn)
 G - +4 storm dragon scales (worn)
Jewellery
 e - an amulet of faith
 p - a +4 ring of slaying (left hand)
 w - a ring of ice (right hand)
Wands
 z - a wand of flame (26)
 A - a wand of roots (11)
Scrolls
 f - a scroll of immolation
 h - 10 scrolls of teleportation
 r - 2 scrolls of brand weapon
 s - 3 scrolls of fear
 t - a scroll of blinking
 v - a scroll of enchant weapon {unknown}
 x - a scroll of enchant armour
 y - 2 scrolls of identify
Potions
 c - a potion of ambrosia
 g - a potion of resistance
 l - a potion of attraction
 m - 4 potions of might
 n - 3 potions of enlightenment
 o - 2 potions of lignification
 q - 2 potions of heal wounds
 u - 2 potions of curing
Miscellaneous
 F - a phial of floods (inert)


   Skills:
 - Level 3.0 Fighting
 - Level 12.1 Long Blades
 + Level 6.3 Maces & Flails
 - Level 3.2 Dodging
 - Level 8.6 Shields


You knew the following spells:

 Your Spells              Type           Power      Damage    Failure   Level
a - Magic Dart            Conj           0%         1d3       100%        1
b - Scorch                Fire           0%         2d5       100%        2
c - Ozocubu's Armour      Ice            0%         N/A       100%        3
d - Vhi's Electric Charg  Tloc/Air       0%         N/A       100%        4
e - Borgnjor's Vile Clut  Necr/Erth      0%         N/A       100%        5
Your spell library was empty.


Dungeon Overview and Level Annotations

Branches:
Dungeon (9/15)             Temple (0/1) D:6           Sewer (visited)
   Lair: D:8-11         Orc: D:9-12

Altars:
Cheibriados
Elyvilon
Hepliaklqana
Trog
Uskayaw
Wu Jian
Xom

Shops:
D:2 (   D:5 !


Innate Abilities, Weirdness & Mutations

You are immune to sickness and miasma.
You are immune to poison.
Your flesh is very heat resistant. (rF++)
You are vulnerable to cold. (rC-)
You float through the air rather than walking.
You learn spells naturally, not from books.
Your magical power is your life essence.
You have superior vitality. (+4 MHP)


Message History

The basilisk bites you but does no damage.
You hit the basilisk.
The basilisk is poisoned.
The basilisk is moderately wounded.
The wyvern barely misses you.
You hit the basilisk but do no damage.
The basilisk looks as sick as possible!
The basilisk is moderately wounded.
The wyvern bites you. The basilisk gazes at you.
You are slowing down.
The wyvern bites you!
You slash the basilisk!
The basilisk looks as sick as possible!
The basilisk is heavily wounded.
The wyvern bites you. The basilisk gazes at you.
Your limbs have turned to stone.
The wyvern bites you but does no damage.
The basilisk bites you!
* * * LOW HITPOINT WARNING * * *
You have turned to stone.
The wyvern bites you but does no damage.
The basilisk gazes at you.
You easily resist.
The wyvern bites you.
* * * LOW HITPOINT WARNING * * *
The wyvern bites you. The basilisk bites you.
The wyvern bites you but does no damage.
The basilisk bites you!
* * * LOW HITPOINT WARNING * * *
You kill the basilisk!
The Council accepts your kill. The wyvern bites you!
* * * LOW HITPOINT WARNING * * *
The wyvern bites you but does no damage.
The wyvern bites you but does no damage.
The wyvern bites you.
* * * LOW HITPOINT WARNING * * *
The wyvern bites you.
* * * LOW HITPOINT WARNING * * *
The wyvern bites you!
You die...

......................
.....#####.#####..#.P.
.. .....# #..# #..#
.?.. ###..# ###†####..#
.... #..#
#⌠#.#⌠##..###...#
#..####.....##<........
#.....#.._..#.......#
#.....#.....#†k.....#
#.....########@.....#
#.....####+#.#......#
##.....#......##.....#
#......##......#.....#
#.......+......#.....#
#.......+......#....(#
#.......#.....<#.....#
##.......#####'##.....#
......................#


You could see a wyvern.

Vanquished Creatures
  A boulder beetle (D:8)
  2 two-headed ogres (D:8)
  Pikel (D:5)
  Joseph (D:9)
  Maggie (D:7)
  An efreet (D:8)
  A troll (D:8)
  A slime creature (D:7)
  Sigmund (D:5)
  2 yaks
  A wyvern (D:8)
  2 basilisks (D:9)
  An acid dragon (D:8)
  4 water moccasins
  2 orc warriors
  3 ice beasts
  A sky beast (D:8)
  3 black bears
  A laughing skull (D:7)
  2 crocodiles (Sewer)
  3 ogres
  A centaur (D:8)
  A lemure (D:5)
  A phantom (D:6)
  A kobold brigand (D:8)
  A gnoll sergeant (D:8)
  3 bullfrogs (D:8)
  2 scorpions
  9 wights
  4 killer bees (D:8)
  A vampire bat (D:8)
  2 howler monkeys
  3 jellies
  A hound (D:6)
  2 bombardier beetles
  A sleepcap (D:8)
  3 orc priests
  A gnoll bouda (D:8)
  Crazy Yiuf (D:7)
  Natasha (twice) (D:4)
  A sickly merfolk siren (Sewer)
  An iguana (D:4)
  7 orc wizards
  A malarious merfolk avatar (Sewer)
  17 gnolls
  10 adders
  A river rat (Sewer)
  2 ufetubi (D:5)
  4 dart slugs
  A ribbon worm (D:2)
  27 orcs
  9 ball pythons
  A bat (D:1)
  A bat skeleton (D:8)
  4 bat zombies (D:8)
  3 endoplasms (D:4)
  2 giant cockroaches
  11 goblins
  4 hobgoblins
  4 jackals (D:1)
  14 kobolds
  5 quokkas
  5 frilled lizards
  26 rats
236 creatures vanquished.

Vanquished Creatures (others)
  An ugly thing (D:8)
1 creature vanquished.

Grand Total: 237 creatures vanquished

Notes
Turn   | Place    | Note
-------+----------+-------------------------------------------
     0 | D:1      | SnakkuSnakku7 the Djinni Monk began the quest for the Orb.
     0 | D:1      | Reached XP level 1. HP: 20/20 MP: 0/0
    30 | D:1      | You are sucked into a shaft and drop 1 floor!
    80 | D:1      | Reached skill level 3 in Long Blades
    82 | D:1      | Reached XP level 2. HP: 13/25 MP: 0/0
   282 | D:1      | Reached XP level 3. HP: 14/30 MP: 0/0
   282 | D:1      | Learned a level 1 spell: Magic Dart
   833 | D:2      | Found Heplerph's Weapon Shop.
   882 | D:2      | Reached skill level 4 in Long Blades
   887 | D:2      | Reached XP level 4. HP: 34/35 MP: 0/0
  1516 | D:3      | Found a white marble altar of Elyvilon.
  1651 | D:3      | Reached XP level 5. HP: 40/40 MP: 0/0
  1651 | D:3      | Learned a level 2 spell: Scorch
  1651 | D:3      | Found an ornate altar of the Wu Jian Council.
  1679 | D:3      | Became a worshipper of the Wu Jian Council
  1679 | D:3      | Reached * piety under Wu Jian
  1679 | D:3      | Reached ** piety under Wu Jian
  1826 | D:4      | Noticed an ogre
  1833 | D:4      | Killed an ogre
  1834 | D:4      | Reached skill level 5 in Long Blades
  1834 | D:4      | Reached XP level 6. HP: 46/46 MP: 0/0
  1912 | D:4      | Noticed an ogre
  1922 | D:4      | Killed an ogre
  1923 | D:4      | Reached skill level 6 in Long Blades
  2532 | D:4      | Found a snail-covered altar of Cheibriados.
  2532 | D:4      | Found a hide-covered altar of Uskayaw.
  2675 | D:4      | Reached XP level 7. HP: 50/50 MP: 0/0
  2675 | D:4      | Learned a level 3 spell: Ozocubu's Armour
  2716 | D:4      | Noticed Natasha
  2720 | D:4      | Killed Natasha
  2850 | D:5      | Entered Level 5 of the Dungeon
  3049 | D:5      | Noticed Pikel
  3073 | D:5      | Killed Pikel
  3074 | D:5      | Reached skill level 8 in Long Blades
  3074 | D:5      | Reached XP level 8. HP: 15/56 MP: 0/0
  3413 | D:4      | Noticed Natasha
  3609 | D:5      | Reached skill level 9 in Long Blades
  3769 | D:4      | Killed Natasha
  3830 | D:5      | Found Dahowk's Distillery.
  3833 | D:5      | Bought 2 potions of heal wounds for 120 gold pieces
  3833 | D:5      | Bought 2 potions of might for 96 gold pieces
  3897 | D:5      | Noticed Sigmund
  3907 | D:5      | Killed Sigmund
  3908 | D:5      | Reached skill level 10 in Long Blades
  3908 | D:5      | Reached XP level 9. HP: 42/60 MP: 0/0
  3908 | D:5      | Learned a level 4 spell: Vhi's Electric Charge
  3929 | D:5      | Identified a scroll of acquirement
  3931 | D:5      | Acquired a +3 double sword of venom
  3964 | D:5      | Found a hazy altar of Hepliaklqana.
  3965 | D:5      | Found a faded altar of an unknown god.
  4357 | D:5      | Bought a potion of might for 48 gold pieces
  4500 | D:6      | Found a staircase to the Ecumenical Temple.
  4589 | D:6      | Identified the +8 war axe of Scorn {freeze, rElec rF+
                  | rCorr}
  4671 | D:6      | Reached skill level 11 in Long Blades
  4679 | D:6      | Reached *** piety under Wu Jian
  4863 | D:6      | Found a glowing drain.
  4874 | Sewer    | Entered a sewer
  5067 | Sewer    | Reached **** piety under Wu Jian
  5236 | D:6      | Reached skill level 12 in Long Blades
  5664 | D:7      | Reached XP level 10. HP: 67/67 MP: 0/0
  5879 | D:7      | Reached skill level 1 in Shields
  6125 | D:7      | Found a runed translucent door.
  6126 | D:7      | Noticed Crazy Yiuf
  6140 | D:7      | Noticed Maggie
  6148 | D:7      | Killed Maggie
  6530 | D:7      | Killed Crazy Yiuf
  6568 | D:8      | Reached skill level 5 in Shields
  6684 | D:8      | Noticed an efreet
  6684 | D:8      | Noticed a white ugly thing
  6685 | D:8      | Noticed a boulder beetle
  6685 | D:8      | Noticed a two-headed ogre
  6691 | D:8      | Killed a white ugly thing
  6814 | D:8      | Killed an efreet
  7170 | D:8      | Reached ***** piety under Wu Jian
  7310 | D:8      | Killed a boulder beetle
  7366 | D:8      | Found the +7 sceptre of Torment {pain, torment}
  7374 | D:8      | Identified the staff of Ikhleyto {^Fragile rF+ rN+ Dex+3
                  | Fire}
  7437 | D:8      | Reached skill level 1 in Maces & Flails
  7437 | D:8      | Reached XP level 11. HP: 60/71 MP: 0/0
  7437 | D:8      | Learned a level 5 spell: Borgnjor's Vile Clutch
  7437 | D:8      | Noticed a two-headed ogre
  7463 | D:8      | Killed a two-headed ogre
  7898 | D:8      | Killed a two-headed ogre
  7899 | D:8      | Reached skill level 5 in Maces & Flails
  8308 | D:8      | Found a bloodstained altar of Trog.
  8514 | D:9      | Noticed Joseph
  8529 | D:9      | Killed Joseph
  8664 | D:9      | Found a shimmering altar of Xom.
  8789 | D:9      | Slain by a wyvern

Illustrated notes

Levels and vault maps discovered:
D:1:      mrwooster_arrival_statue_3, layout_loops_cross,
          chequers_decorated_corner
D:2:      layout_loops_ring, serial_shops, nicolae_shop_tiny_glass,
          corexii_corridor_pit
D:3:      layout_basic, lemuel_round_altar, nicolae_elyvilon_peaceful_grove
D:4:      layout_loops_corners, gammafunk_temple_overflow_statue, uniq_natasha
D:5:      layout_basic, beargit_hepliaklqana_dungeon_heroes, serial_shops,
          kennysheep_mini_moat, dreamdust_mushroom_princess, uniq_pikel
D:6:      layout_gridville, minmay_temple_entry_stoned_glass,
          portal_sewer_entry_d
D:7:      layout_basic, nicolae_letterblocks [nicolae_letter_subblock,
          nicolae_letter_subblock, nicolae_letter_subblock,
          nicolae_letter_subblock, nicolae_letter_subblock,
          nicolae_letter_subblock, nicolae_letter_subblock,
          nicolae_letter_subblock, nicolae_letter_subblock,
          nicolae_letter_subblock, nicolae_letter_subblock,
          nicolae_letter_subblock, nicolae_letter_subblock,
          nicolae_letter_subblock, nicolae_letter_subblock,
          nicolae_letter_subblock, nicolae_letter_subblock,
          nicolae_letter_subblock, nicolae_letter_subblock,
          nicolae_letter_subblock, nicolae_letter_subblock,
          nicolae_letter_subblock, nicolae_letter_subblock,
          nicolae_letter_subblock, nicolae_letter_subblock], uniq_maggie,
          uniq_crazy_yiuf_cottage
D:8:      minmay_the_grid_octo_triangle [minmay_the_grid_octo_clover,
          minmay_the_grid_octo_prize_square_snowflake,
          minmay_the_grid_octo_focus], layout_loops_cross,
          kennysheep_vampire_church, general_overflow_altar
D:9:      layout_irregular_city, tgw_fedhas, mainiacjoe_overflow_alcove_2,
          david_lair_generic, kennysheep_flooded_box, dk_rats_in_the_wall,
          uniq_joseph

Skill      XL: |  1  2  3  4  5  6  7  8  9 10 11 |
---------------+----------------------------------+-----
Long Blades    | 3 4 5 6 8 10 12 | 12.1
Shields        | 8 |  8.6
Maces & Flails | 1 6 |  6.3
Fighting       | |  3.0
Dodging        | |  3.2

Action                     |  1- 3 |  4- 6 |  7- 9 | 10-12 || total
---------------------------+-------+-------+-------+-------++-------
  Melee: Falchion          |    62 |    70 |   102 |       ||   234
         Double sword      |       |       |   129 |   209 ||   338
  Throw: Dart              |       |     3 |       |     6 ||     9
         Throwing net      |       |       |       |     2 ||     2
Ability: Lunge             |       |     5 |    24 |    18 ||    47
         Whirlwind         |       |       |     4 |     6 ||    10
  Evoke: Phial of floods   |       |       |       |     1 ||     1
    Use: Scroll            |       |       |    14 |     3 ||    17
         Potion            |       |       |     2 |     2 ||     4
   Stab: Held in net/web   |       |       |       |     3 ||     3
 Armour: Robe              |    34 |    20 |   122 |     1 ||   177
         Steam dragon scal |       |       |       |    53 ||    53
         Storm dragon scal |       |       |       |   143 ||   143
  Dodge: Dodged            |    60 |    37 |    97 |    74 ||   268
